AoeStats
← danieldivilla

Migration

507127968Analyzed
1v1 RM · 16d ago on Sep 16, 2026· 69m 15s· 2 players
Game mode
Random Map
Map size
132×132
Population
200
Speed
Normal
Resources
Standard
Victory
Conquest
Starting age
Dark Age
Ending age
Imperial Age
RankedLock teamsTeams togetherTeam positionsShared explorationLock speedFull tech treeHidden civsTurbo modeCheats
Victory
Defeat
🇫🇷 Italians · France
1277
+19
🇪🇸 Byzantines · Spain
1346
-19
constie
2:47 Loom
12:25 Feudal Age
10:44 Loom
12:29 Feudal Age
14:28 Double-Bit Axe
16:50 Castle Age
14:48 Gold Mining
15:52 Fletching
17:49 Wheelbarrow
17:51 Medium Warships
18:22 Bow Saw
20:20 Demolition Ship
21:00 Bodkin Arrow
21:05 Stone Mining
23:40 Padded Archer Armor
26:32 Ballistics
28:31 Padded Archer Armor
29:31 Leather Archer Armor
30:04 Masonry
34:13 Imperial Age
34:54 Bracer
36:19 Ring Archer Armor
39:52 Chemistry
47:43 Elite Genoese Crossbowman
50:11 Conscription
57:10 Town Watch
59:05 Masonry
61:47 Careening
61:33 Elite Cannon Galleon
68:35 Demolition Ship
danieldivilla
13:11 Feudal Age
17:13 Castle Age
18:17 Medium Warships
24:29 Loom
25:41 Wheelbarrow
27:00 Forging
26:56 Scale Barding Armor
26:42 Fletching
29:51 Imperial Age
28:40 Iron Casting
28:26 Hand Cart
30:32 Husbandry
30:36 Gold Mining
34:56 Chain Barding Armor
34:32 Bodkin Arrow
36:05 Conscription
41:50 Plate Barding Armor
57:29 Chemistry
57:51 Elite Skirmisher
58:40 Padded Archer Armor
58:40 Bracer
59:31 Horse Collar
59:38 Double-Bit Axe
60:12 Leather Archer Armor
60:11 Thumb Ring
60:51 Ballistics
62:53 Hand Cart
62:50 Bow Saw
62:42 Heavy Plow
Connection lost

Rejoining the realm…

Still unreachable

The connection could not be restored.

Session expired

The server has moved on; the page needs a fresh start.